[Event "White Rook U14 Final 2019"]
[Site "Sochi"]
[Date "2019.06.09"]
[Round "8.25"]
[White "Voloshkin, Daniil"]
[Black "Sargsyan, Gor K."]
[Result "0-1"]
[ECO "B98"]
[WhiteElo "1557"]
[BlackElo "1641"]
[Annotator "NA"]
[PlyCount "96"]
[EventDate "2019.06.02"]
[EventCountry "RUS"]
[SourceTitle "playchess.com"]
[Source "ChessBase"]
[SourceQuality "1"]
[TimeControl "5400+30"]

1. e4 c5 2. Nf3 d6 3. d4 cxd4 4. Nxd4 Nf6 5. Nc3 a6 6. Bg5 e6 7. f4 Be7 8. Qf3 Qc7 9. O-O-O b5 10. Bxf6 gxf6 11. e5 Bb7 12. Qh5 Bc8 13. exf6 Bxf6 14. Bxb5+ Kf8 15. Ba4 Bb7 16. Rhe1 Qc8 17. Bb3 d5 18. f5 e5 19. Nf3 Qc7 20. Nxd5 Bxd5 21. Rxd5 Ra7 22. Nxe5 h6 23. Ba4 Kg7 24. Rd7 Qxd7 25. Nxd7 Nxd7 26. Qg4+ Bg5+ 27. Kb1 Nf6 28. Qd4 Raa8 29. c4 Rhd8 30. Qe5 Rd2 31. Re2 Rd3 32. b4 Rc8 33. c5 a5 34. c6 axb4 35. c7 Rd5 36. Qg3 Kh7 37. Rc2 Ne4 38. Qf3 Rd4 39. Kb2 Nc3 40. Qc6 Rd1 41. Kb3 Nd5 42. Qa6 Rb1+ 43. Kc4 Rd1 44. Kb5 Rxc7 45. Rc6 Rd4 46. Kc5 Be3 47. Qe2 Rd2+ 48. Qxe3 Rxc6+ 0-1

[Event "White Rook U14 Final 2019"]
[Site "Sochi"]
[Date "2019.06.09"]
[Round "8.26"]
[White "Grigoryan, Hayk V."]
[Black "Vorzhevitin, Dmitriy"]
[Result "1/2-1/2"]
[ECO "B09"]
[WhiteElo "1423"]
[BlackElo "1346"]
[Annotator "NA"]
[PlyCount "73"]
[EventDate "2019.06.02"]
[EventCountry "RUS"]
[SourceTitle "playchess.com"]
[Source "ChessBase"]
[SourceQuality "1"]
[TimeControl "5400+30"]

1. e4 d6 2. d4 Nf6 3. Nc3 g6 4. f4 Bg7 5. Nf3 c5 6. dxc5 Qa5 7. e5 dxe5 8. Nxe5 O-O 9. Qf3 Nc6 10. Nxc6 bxc6 11. Bd2 Bg4 12. Qe3 Rfd8 13. Bd3 Bf5 14. Ne4 Rxd3 15. cxd3 Qb5 16. Bc3 Nd5 17. Qd2 Rd8 18. O-O Nxc3 19. Nxc3 Qxc5+ 20. Kh1 Rxd3 21. Qe2 Bxc3 22. Rac1 Qd5 23. Rfd1 Bxb2 24. Rxd3 Qxd3 25. Qxb2 Qb5 26. Qxb5 cxb5 27. Rc7 a5 28. Rxe7 Be6 29. a3 b4 30. axb4 axb4 31. Rb7 b3 32. Kg1 Kg7 33. Kf2 Kf6 34. Ke3 Kf5 35. h3 h5 36. Rb5+ Kf6 37. h4 1/2-1/2

[Event "White Rook U14 Final 2019"]
[Site "Sochi"]
[Date "2019.06.09"]
[Round "8.27"]
[White "Zenkov, Maksim"]
[Black "Hovhannisyan, Artyom"]
[Result "0-1"]
[ECO "C58"]
[WhiteElo "1394"]
[BlackElo "1458"]
[Annotator "NA"]
[PlyCount "48"]
[EventDate "2019.06.02"]
[EventCountry "RUS"]
[SourceTitle "playchess.com"]
[Source "ChessBase"]
[SourceQuality "1"]
[TimeControl "5400+30"]

1. e4 e5 2. Nf3 Nc6 3. Bc4 Nf6 4. Ng5 d5 5. exd5 Na5 6. Bb5+ c6 7. dxc6 bxc6 8. Qf3 Bb7 9. Bd3 Bd6 10. O-O O-O 11. Nc3 h6 12. Nge4 Nxe4 13. Nxe4 f5 14. Nxd6 Qxd6 15. Qg3 Rae8 16. b3 Rf6 17. Bb2 c5 18. Rfe1 Rg6 19. Bxe5 Qc6 20. Qh3 Rxg2+ 21. Kf1 Rg1+ 22. Ke2 Rxe5+ 23. Be4 Qxe4+ 24. Qe3 Qf3+ 0-1

[Event "White Rook U14 Final 2019"]
[Site "Sochi"]
[Date "2019.06.09"]
[Round "8.28"]
[White "Hakobyan, Astghik"]
[Black "Golikova, Alisa"]
[Result "1-0"]
[ECO "B22"]
[WhiteElo "1791"]
[BlackElo "1252"]
[Annotator "NA"]
[PlyCount "69"]
[EventDate "2019.06.02"]
[EventCountry "RUS"]
[SourceTitle "playchess.com"]
[Source "ChessBase"]
[SourceQuality "1"]
[TimeControl "5400+30"]

1. e4 c5 2. Nf3 g6 3. d4 Bg7 4. c3 cxd4 5. cxd4 Nc6 6. Nc3 Nf6 7. e5 Ng4 8. h3 Nh6 9. d5 Nb4 10. a3 Na6 11. Bxa6 bxa6 12. O-O O-O 13. Bg5 d6 14. Qc1 Nf5 15. g4 h6 16. Bd2 dxe5 17. gxf5 Bxf5 18. Bxh6 e4 19. Nh2 Bxh3 20. Re1 Rc8 21. Qe3 Bf5 22. Rad1 Qd6 23. Nxe4 Bxe4 24. Bxg7 Kxg7 25. Qxe4 Rh8 26. Qe5+ Qxe5 27. Rxe5 Rh3 28. Rxe7 Rch8 29. Nf1 R3h4 30. d6 Kf6 31. Rxa7 Ke6 32. Rxa6 Rd8 33. b4 f5 34. d7+ Ke7 35. Rxg6 1-0

[Event "White Rook U14 Final 2019"]
[Site "Sochi"]
[Date "2019.06.09"]
[Round "8.29"]
[White "Sizov, Lev"]
[Black "Mertsalov, Roman"]
[Result "1-0"]
[ECO "D36"]
[WhiteElo "1692"]
[BlackElo "1349"]
[Annotator "NA"]
[PlyCount "120"]
[EventDate "2019.06.02"]
[EventCountry "RUS"]
[SourceTitle "playchess.com"]
[Source "ChessBase"]
[SourceQuality "1"]
[TimeControl "5400+30"]

1. d4 d5 2. c4 e6 3. Nc3 Nf6 4. cxd5 exd5 5. Bg5 Be7 6. e3 c6 7. Qc2 Nbd7 8. Bd3 Nf8 9. Nge2 Ne6 10. Bh4 h6 11. Bg3 Bd6 12. Bxd6 Qxd6 13. Ng3 Bd7 14. O-O O-O 15. Nf5 Qc7 16. b4 a6 17. Na4 Ng4 18. Ng3 h5 19. Rfc1 h4 20. Nf1 h3 21. gxh3 Nh6 22. h4 Qd8 23. f4 Qxh4 24. Nb6 Rad8 25. Nxd7 Rxd7 26. Qf2 Qf6 27. Ng3 Ng4 28. Qf3 Qh4 29. Rc2 g6 30. Rg2 Qh3 31. Be2 f5 32. Nxf5 Qxf3 33. Bxf3 gxf5 34. h3 Rh7 35. hxg4 fxg4 36. Bxg4 Kf7 37. Kf2 Ke7 38. Rag1 Ng5 39. Bf5 Ne4+ 40. Bxe4 dxe4 41. Rg5 Kd7 42. Rg7+ Rf7 43. Rxf7+ Rxf7 44. Rg5 Kd6 45. Re5 Re7 46. Rxe7 Kxe7 47. a4 Ke6 48. a5 Kd5 49. Kg3 Kc4 50. f5 Kxb4 51. f6 Kxa5 52. f7 b5 53. f8=Q b4 54. Qc5+ Ka4 55. Qxc6+ Ka3 56. Qxa6+ Kb2 57. Qe6 b3 58. Qxe4 Kc1 59. Qb7 b2 60. d5 Kc2 1-0

[Event "White Rook U14 Final 2019"]
[Site "Sochi"]
[Date "2019.06.09"]
[Round "8.30"]
[White "Mertsalov, Semen"]
[Black "Komissarova, Soigina"]
[Result "0-1"]
[ECO "E01"]
[WhiteElo "1477"]
[BlackElo "1665"]
[Annotator "NA"]
[PlyCount "108"]
[EventDate "2019.06.02"]
[EventCountry "RUS"]
[SourceTitle "playchess.com"]
[Source "ChessBase"]
[SourceQuality "1"]
[TimeControl "5400+30"]

1. d4 d5 2. c4 e6 3. Nf3 Nf6 4. g3 c6 5. Bg2 Bd6 6. c5 Bc7 7. O-O Nbd7 8. Nc3 O-O 9. Re1 e5 10. e3 b6 11. b4 e4 12. Nd2 a5 13. Ba3 axb4 14. Bxb4 bxc5 15. dxc5 Be5 16. Nb3 Nb8 17. Nd4 Bg4 18. Qc2 Nfd7 19. h3 Be6 20. Na4 Na6 21. a3 Qf6 22. Red1 Bxd4 23. exd4 Nxb4 24. axb4 Rab8 25. Qc3 Qh6 26. h4 f5 27. Bh3 f4 28. Bxe6+ Qxe6 29. Kh2 fxg3+ 30. Qxg3 Rf3 31. Qg2 Rbf8 32. Ra2 R8f4 33. Nb6 Rxh4+ 34. Kg1 Rg4 35. Ra8+ Nf8 36. Qxg4 Qxg4+ 37. Kf1 e3 38. Ra2 Rxf2+ 39. Rxf2 Qxd1+ 40. Kg2 exf2 41. Kxf2 Qxd4+ 42. Kg3 Qxb4 43. Nxd5 cxd5 44. c6 Qd6+ 45. Kf3 Qxc6 46. Ke3 Qc4 47. Kf2 Qc3 48. Ke2 d4 49. Kf2 Qe3+ 50. Kg2 d3 51. Kh2 d2 52. Kg2 d1=R 53. Kh2 Rd2+ 54. Kh1 Qe1# 0-1

[Event "White Rook U14 Final 2019"]
[Site "Sochi"]
[Date "2019.06.09"]
[Round "8.31"]
[White "Zhambalov, Bator"]
[Black "Moshkin, Aleksandr"]
[Result "1-0"]
[ECO "B08"]
[WhiteElo "1142"]
[BlackElo "1462"]
[Annotator "NA"]
[PlyCount "63"]
[EventDate "2019.06.02"]
[EventCountry "RUS"]
[SourceTitle "playchess.com"]
[Source "ChessBase"]
[SourceQuality "1"]
[TimeControl "5400+30"]

1. e4 g6 2. d4 Bg7 3. Nf3 d6 4. Nc3 Nf6 5. Be2 O-O 6. Bg5 h6 7. Bf4 Nbd7 8. Qd2 Kh7 9. h4 c5 10. d5 a6 11. a4 Qb6 12. O-O Nh5 13. Rab1 Nxf4 14. Qxf4 Ne5 15. Nxe5 Bxe5 16. Qd2 Qb4 17. Bd3 c4 18. Be2 f5 19. f4 Bf6 20. h5 gxh5 21. Bxh5 Qc5+ 22. Kh1 Rg8 23. g4 Bxc3 24. bxc3 fxe4 25. f5 e3 26. Bg6+ Kg7 27. Qg2 b5 28. Qe4 Kf6 29. Rbe1 Bb7 30. Qe6+ Kg7 31. Qf7+ Kh8 32. Qh7# 1-0

[Event "White Rook U14 Final 2019"]
[Site "Sochi"]
[Date "2019.06.09"]
[Round "8.32"]
[White "Shirokova, Sofiya"]
[Black "Sargaeva, Darima"]
[Result "0-1"]
[ECO "D79"]
[WhiteElo "1539"]
[BlackElo "1506"]
[Annotator "NA"]
[PlyCount "146"]
[EventDate "2019.06.02"]
[EventCountry "RUS"]
[SourceTitle "playchess.com"]
[Source "ChessBase"]
[SourceQuality "1"]
[TimeControl "5400+30"]

1. d4 Nf6 2. Nf3 c5 3. c3 g6 4. g3 Bg7 5. Bg2 O-O 6. O-O cxd4 7. cxd4 d5 8. Nc3 Nc6 9. b3 Bf5 10. Bb2 Rc8 11. Ne5 e6 12. Nxc6 bxc6 13. Rc1 Nd7 14. Ba3 Re8 15. e4 dxe4 16. Nxe4 Bxe4 17. Bxe4 Qb6 18. Bc5 Nxc5 19. dxc5 Qa5 20. Qf3 Qa6 21. Rc4 f5 22. Bb1 Red8 23. Rd1 Bf8 24. Qe2 Rxd1+ 25. Qxd1 Rc7 26. f4 Qb5 27. Qd4 Qb8 28. b4 Qc8 29. Qe3 Kf7 30. Bc2 Bg7 31. a4 Qd7 32. Bb3 a6 33. Kg2 Rb7 34. h3 Qd5+ 35. Kh2 Qd7 36. g4 Bf6 37. Kg3 Rb8 38. Ba2 h6 39. Qe2 Rb7 40. h4 fxg4 41. Re4 Kg7 42. Bxe6 Qd8 43. Bxg4 Bxh4+ 44. Kh3 Bf6 45. f5 h5 46. Bf3 Qd7 47. Re6 Rxb4 48. Bxc6 Rh4+ 49. Kg2 Qc7 50. Rd6 Rg4+ 51. Kf3 Be7 52. Qe5+ Kh7 53. fxg6+ Kh6 54. g7+ Bxd6 55. Qxd6+ Qxd6 56. cxd6 Kxg7 57. Be8 Kh6 58. Ke3 Rg1 59. Ke2 Rg5 60. Bf7 Rg4 61. Ke3 Rg1 62. Ke2 Rb1 63. Bc4 Rb6 64. d7 Rd6 65. Bxa6 Rxd7 66. Bb5 Rc7 67. Kf3 Kg5 68. Kg3 h4+ 69. Kh3 Rc3+ 70. Kh2 h3 71. Bf1 Kh4 72. a5 Rc2+ 73. Kg1 Kg3 0-1

[Event "White Rook U14 Final 2019"]
[Site "Sochi"]
[Date "2019.06.09"]
[Round "8.33"]
[White "Vatutin, Petr"]
[Black "Lotnik, Vladislav"]
[Result "1-0"]
[ECO "A94"]
[WhiteElo "1693"]
[BlackElo "1490"]
[Annotator "NA"]
[PlyCount "169"]
[EventDate "2019.06.02"]
[EventCountry "RUS"]
[SourceTitle "playchess.com"]
[Source "ChessBase"]
[SourceQuality "1"]
[TimeControl "5400+30"]

1. d4 d5 2. c4 e6 3. Nf3 c6 4. g3 f5 5. Bg2 Nf6 6. O-O Bd6 7. b3 O-O 8. Ba3 Bxa3 9. Nxa3 Bd7 10. Nc2 Be8 11. Nce1 Bh5 12. Ne5 Nbd7 13. N1d3 Nxe5 14. Nxe5 Nd7 15. f4 Nxe5 16. fxe5 Qg5 17. Rf4 Rfd8 18. Qd3 Qe7 19. e3 Qa3 20. Rf2 a5 21. cxd5 cxd5 22. Qb5 a4 23. Rb1 axb3 24. Rxb3 Qc1+ 25. Bf1 Rab8 26. Rfb2 Be8 27. Qd3 Rdc8 28. Rb1 Qc7 29. Rb6 Bc6 30. Qb3 Ra8 31. a3 Ra7 32. Qb4 Rca8 33. Rb3 Kf7 34. Qc5 Qe7 35. Qxe7+ Kxe7 36. Bb5 Rxa3 37. Bxc6 Rxb3 38. Rxb3 bxc6 39. Rb7+ Kf8 40. Rc7 Ra1+ 41. Kf2 Rc1 42. Rc8+ Kf7 43. Rc7+ Kf8 44. h4 Rc2+ 45. Kf3 h6 46. g4 fxg4+ 47. Kxg4 Rc3 48. Kf4 Rc1 49. Rc8+ Kf7 50. Rc7+ Kg6 51. Re7 Rf1+ 52. Kg3 Rg1+ 53. Kf2 Rg4 54. Rxe6+ Kf5 55. Rxc6 Rxh4 56. Rd6 Rh2+ 57. Kg3 Ra2 58. Rxd5 Ke4 59. Rd7 Kxe3 60. e6 Ra8 61. e7 Re8 62. d5 Ke4 63. d6 Kf5 64. Rd8 Ke6 65. Rxe8 Kxd6 66. Rg8 Kxe7 67. Rxg7+ Kf6 68. Rg4 h5 69. Rg8 Kf7 70. Rg5 h4+ 71. Kxh4 Kf6 72. Kg4 Ke6 73. Rf5 Kd6 74. Kf4 Ke6 75. Ke4 Kd6 76. Re5 Kc6 77. Rd5 Kc7 78. Kd4 Kc6 79. Kc4 Kb6 80. Rc5 Ka6 81. Rb5 Ka7 82. Kc5 Ka6 83. Kc6 Ka7 84. Kc7 Ka6 85. Rc5 1-0

[Event "White Rook U14 Final 2019"]
[Site "Sochi"]
[Date "2019.06.09"]
[Round "8.34"]
[White "Kostornichenko, Yana"]
[Black "Masyukov, Egor"]
[Result "1-0"]
[ECO "C70"]
[WhiteElo "1706"]
[BlackElo "1645"]
[Annotator "NA"]
[PlyCount "69"]
[EventDate "2019.06.02"]
[EventCountry "RUS"]
[SourceTitle "playchess.com"]
[Source "ChessBase"]
[SourceQuality "1"]
[TimeControl "5400+30"]

1. e4 e5 2. Nf3 Nc6 3. Bb5 a6 4. Ba4 f5 5. Qe2 Nf6 6. Nc3 d6 7. O-O fxe4 8. Nxe4 Bd7 9. a3 Qe7 10. d3 O-O-O 11. b4 Nxe4 12. dxe4 h6 13. c4 Nd4 14. Nxd4 Bxa4 15. Nf5 Qe8 16. Bd2 Bd7 17. Ne3 Bc6 18. f3 Be7 19. Rfb1 b6 20. b5 Bb7 21. bxa6 Bxa6 22. a4 Kd7 23. a5 bxa5 24. Bxa5 Ra8 25. Nd5 Bd8 26. Qc2 Bc8 27. c5 c6 28. Bxd8 Rxa1 29. Nb6+ Kxd8 30. Rxa1 Bb7 31. Qd2 d5 32. exd5 cxd5 33. Nxd5 Qd7 34. Rd1 Bc6 35. Qa5+ 1-0

[Event "White Rook U14 Final 2019"]
[Site "Sochi"]
[Date "2019.06.09"]
[Round "8.35"]
[White "Urdin, Matvey"]
[Black "Abubekerov, Iliya"]
[Result "1-0"]
[ECO "A23"]
[WhiteElo "1515"]
[BlackElo "1199"]
[Annotator "NA"]
[PlyCount "151"]
[EventDate "2019.06.02"]
[EventCountry "RUS"]
[SourceTitle "playchess.com"]
[Source "ChessBase"]
[SourceQuality "1"]
[TimeControl "5400+30"]

1. c4 e5 2. Nc3 Nf6 3. g3 Bb4 4. Bg2 c6 5. e4 d6 6. Nge2 Be6 7. d3 d5 8. cxd5 cxd5 9. d4 Bxc3+ 10. bxc3 Nbd7 11. dxe5 Nxe5 12. f4 Nc4 13. f5 Bd7 14. exd5 O-O 15. O-O Bb5 16. Nd4 Ba6 17. Nc2 Ne5 18. Rf4 Nc4 19. Nb4 Qb6+ 20. Qd4 Rac8 21. Qxb6 Nxb6 22. Nxa6 bxa6 23. Rd4 Rxc3 24. Bg5 Nfd7 25. Rad1 Re8 26. d6 h6 27. Bf4 Nf6 28. d7 Nfxd7 29. Rxd7 Nxd7 30. Rxd7 Re1+ 31. Kf2 Rb1 32. Rd2 Rc8 33. Be4 Rb4 34. Re2 a5 35. f6 g5 36. Bd2 Rb6 37. Bxa5 Rxf6+ 38. Kg2 Re6 39. Re1 Rce8 40. Kf3 Kg7 41. Bc3+ f6 42. g4 h5 43. h3 h4 44. Re2 Ra6 45. Bd5 Rxe2 46. Kxe2 Ra4 47. Bb3 Re4+ 48. Kf3 Rf4+ 49. Ke3 Rf1 50. Bd5 Rd1 51. Bd2 Rb1 52. a4 Rb6 53. Kd4 a5 54. Bc4 Rb1 55. Bd5 Ra1 56. Bc6 Ra3 57. Bc3 Kf7 58. Bxa5 Rxh3 59. Bd5+ Kg7 60. Bc7 Ra3 61. a5 f5 62. gxf5 Ra4+ 63. Ke5 h3 64. f6+ Kg6 65. Ke6 Ra1 66. f7 Re1+ 67. Be5 Rf1 68. Be4+ Kh6 69. Ke7 Rxf7+ 70. Kxf7 g4 71. a6 Kh5 72. Bg3 Kg5 73. a7 Kh5 74. a8=Q Kg5 75. Qg8+ Kh6 76. Qg6# 1-0

[Event "White Rook U14 Final 2019"]
[Site "Sochi"]
[Date "2019.06.09"]
[Round "8.36"]
[White "Kulish, Glafira"]
[Black "Chavkina, Anastasia"]
[Result "0-1"]
[ECO "D10"]
[WhiteElo "1379"]
[BlackElo "1214"]
[Annotator "NA"]
[PlyCount "50"]
[EventDate "2019.06.02"]
[EventCountry "RUS"]
[SourceTitle "playchess.com"]
[Source "ChessBase"]
[SourceQuality "1"]
[TimeControl "5400+30"]

1. d4 d5 2. c4 c6 3. Qc2 Nf6 4. Bf4 e6 5. e3 Bd6 6. Bxd6 Qxd6 7. Nc3 Nbd7 8. c5 Qe7 9. Bd3 O-O 10. Nf3 h6 11. O-O-O b6 12. cxb6 axb6 13. h3 Ba6 14. g4 Bxd3 15. Qxd3 Nh7 16. h4 g6 17. Ne2 Rxa2 18. Nf4 Ra1+ 19. Kc2 Rxd1 20. Kxd1 Ra8 21. Kc2 Nhf6 22. g5 Ne4 23. Qf1 h5 24. Ne5 Nxe5 25. dxe5 Qc5+ 0-1

[Event "White Rook U14 Final 2019"]
[Site "Sochi"]
[Date "2019.06.10"]
[Round "9.1"]
[White "Putrenko, Kirill"]
[Black "Kurus, Artem"]
[Result "1/2-1/2"]
[ECO "D36"]
[WhiteElo "2010"]
[BlackElo "1769"]
[Annotator "NA"]
[PlyCount "67"]
[EventDate "2019.06.02"]
[EventCountry "RUS"]
[SourceTitle "playchess.com"]
[Source "ChessBase"]
[SourceQuality "1"]
[TimeControl "5400+30"]

1. d4 d5 2. c4 e6 3. Nc3 Nf6 4. cxd5 exd5 5. Bg5 Be7 6. e3 c6 7. Bd3 Nbd7 8. Qc2 Nh5 9. Bxe7 Qxe7 10. Nge2 g6 11. O-O-O Nb6 12. h3 Ng7 13. g4 Be6 14. Nf4 O-O-O 15. Kb1 Kb8 16. Qb3 h5 17. f3 Bc8 18. Rhe1 hxg4 19. hxg4 g5 20. Ng2 Rh2 21. Rd2 f5 22. gxf5 Bxf5 23. e4 dxe4 24. fxe4 Bh3 25. Bf1 Bxg2 26. Bxg2 Ne6 27. Red1 Nxd4 28. Rxd4 Rxd4 29. Rxd4 Rxg2 30. Qg8+ Nc8 31. Rd8 Rg1+ 32. Kc2 Rg2+ 33. Kb1 Rg1+ 34. Kc2 1/2-1/2

[Event "White Rook U14 Final 2019"]
[Site "Sochi"]
[Date "2019.06.10"]
[Round "9.2"]
[White "Usov, Aleksandr E."]
[Black "Ismagilov, Igor"]
[Result "0-1"]
[ECO "B22"]
[WhiteElo "1812"]
[BlackElo "1803"]
[Annotator "NA"]
[PlyCount "94"]
[EventDate "2019.06.02"]
[EventCountry "RUS"]
[SourceTitle "playchess.com"]
[Source "ChessBase"]
[SourceQuality "1"]
[TimeControl "5400+30"]

1. e4 c5 2. c3 Nf6 3. e5 Nd5 4. d4 cxd4 5. Nf3 Nc6 6. Bc4 Nb6 7. Bb3 d5 8. exd6 Qxd6 9. Na3 dxc3 10. Qxd6 exd6 11. Nb5 Kd8 12. Ng5 Ne5 13. f4 h6 14. fxe5 hxg5 15. Bxg5+ Be7 16. Bxe7+ Kxe7 17. exd6+ Kd8 18. bxc3 f6 19. O-O-O Bd7 20. Nc7 Rc8 21. Rde1 Rh5 22. Re7 Rxc7 23. Rxg7 Rxc3+ 24. Kd2 Rcc5 25. Rg8+ Be8 26. Bf7 Rhe5 27. h4 Kd7 28. Bxe8+ Rxe8 29. Rg7+ Kxd6 30. Rxb7 Rd5+ 31. Kc1 Re7 32. Rb8 Rc5+ 33. Kb1 Rc8 34. Rd1+ Kc7 35. Rxc8+ Nxc8 36. Rf1 Rg7 37. Rxf6 Rxg2 38. h5 Rh2 39. h6 Ne7 40. a3 a5 41. Re6 Kd7 42. Rf6 Kc7 43. Re6 Nc6 44. Rg6 Kb6 45. Kc1 Kb5 46. Kd1 a4 47. Ke1 Nd4 0-1

[Event "White Rook U14 Final 2019"]
[Site "Sochi"]
[Date "2019.06.10"]
[Round "9.3"]
[White "Khodko, Yurii N."]
[Black "Saikin, Ilia"]
[Result "1/2-1/2"]
[ECO "B13"]
[WhiteElo "1727"]
[BlackElo "1641"]
[Annotator "NA"]
[PlyCount "104"]
[EventDate "2019.06.02"]
[EventCountry "RUS"]
[SourceTitle "playchess.com"]
[Source "ChessBase"]
[SourceQuality "1"]
[TimeControl "5400+30"]

1. e4 c6 2. d4 d5 3. exd5 cxd5 4. c4 Nc6 5. Nc3 Nf6 6. Nf3 Be6 7. c5 a6 8. Be2 g6 9. O-O Bg7 10. Bf4 O-O 11. Na4 Nd7 12. Qd2 f6 13. Bh6 Bf7 14. Bxg7 Kxg7 15. Rad1 Qc7 16. g3 Rad8 17. Nh4 e5 18. dxe5 fxe5 19. f4 e4 20. f5 Qe5 21. Ng2 d4 22. Rf4 d3 23. Bf1 Qd4+ 24. Kh1 g5 25. Rg4 h6 26. Nc3 Nf6 27. h3 Nxg4 28. hxg4 Ne5 29. Ne3 Nc4 30. Nxc4 Bxc4 31. Re1 Rfe8 32. Re3 Re5 33. Bg2 Bd5 34. Kh2 Rde8 35. Bf1 Bc4 36. b4 a5 37. Nd1 axb4 38. Qxb4 Qxc5 39. Qxb7+ R8e7 40. Qb2 Ra7 41. Kh3 Rxa2 42. Qb8 Re7 43. Bg2 Re2 44. f6+ Kxf6 45. Qf8+ Ke5 46. Qh8+ Kd5 47. Nc3+ Kc6 48. Rxe4 R2xe4 49. Nxe4 Rxe4 50. Bxe4+ Kb5 51. Qb2+ Qb4 52. Qe5+ Ka4 1/2-1/2

[Event "White Rook U14 Final 2019"]
[Site "Sochi"]
[Date "2019.06.10"]
[Round "9.4"]
[White "Krupnova, Anna"]
[Black "Loviagina, Dariana"]
[Result "1-0"]
[ECO "B22"]
[WhiteElo "1714"]
[BlackElo "1297"]
[Annotator "NA"]
[PlyCount "96"]
[EventDate "2019.06.02"]
[EventCountry "RUS"]
[SourceTitle "playchess.com"]
[Source "ChessBase"]
[SourceQuality "1"]
[TimeControl "5400+30"]

1. e4 c5 2. Nf3 a6 3. c3 d5 4. exd5 Qxd5 5. d4 Nf6 6. Be3 cxd4 7. cxd4 e6 8. Nc3 Qd6 9. Bd3 Nc6 10. O-O Be7 11. Rc1 O-O 12. a3 Rd8 13. Ne4 Nxe4 14. Bxe4 Bf6 15. Qc2 h6 16. Rfd1 Ne7 17. Ne5 Nd5 18. Nc4 Qc7 19. Qb3 Rb8 20. Bxd5 exd5 21. Ne5 Qd6 22. Bf4 Bg5 23. Bxg5 hxg5 24. Rc5 Bf5 25. Qf3 Qe6 26. h3 Rd6 27. Rdc1 Rbd8 28. Rc7 Bg6 29. Rxb7 Rb6 30. Rcc7 Rxb7 31. Rxb7 Rc8 32. Qb3 Rc1+ 33. Kh2 Qd6 34. Qb6 Qxb6 35. Rxb6 Rc2 36. Nxg6 fxg6 37. Kg3 Rd2 38. Rxa6 Rxb2 39. Rxg6 Rb3+ 40. f3 Rxa3 41. Rxg5 Ra5 42. Re5 Kf7 43. Kf4 Kf6 44. g4 Rb5 45. h4 g6 46. h5 gxh5 47. Rxh5 Kg6 48. Rf5 Ra5 1-0

[Event "White Rook U14 Final 2019"]
[Site "Sochi"]
[Date "2019.06.10"]
[Round "9.5"]
[White "Tugstumur, Yesuntumur"]
[Black "Sargsyan, Gor K."]
[Result "1/2-1/2"]
[ECO "A01"]
[WhiteElo "2356"]
[BlackElo "1641"]
[Annotator "NA"]
[PlyCount "65"]
[EventDate "2019.06.02"]
[EventCountry "RUS"]
[SourceTitle "playchess.com"]
[Source "ChessBase"]
[SourceQuality "1"]
[TimeControl "5400+30"]

1. b3 e5 2. Bb2 Nc6 3. g3 d5 4. Bg2 g6 5. e3 Bg7 6. Ne2 Nf6 7. d3 O-O 8. O-O Be6 9. c4 Qd7 10. Nbc3 d4 11. exd4 Nxd4 12. Nxd4 exd4 13. Ne2 c5 14. Nf4 Bf5 15. Re1 Rae8 16. Qc2 Ng4 17. Ba3 b6 18. b4 Qc8 19. bxc5 bxc5 20. Nd5 Ne5 21. Qd2 Nxd3 22. Rxe8 Rxe8 23. g4 Qa6 24. gxf5 Qxa3 25. f6 Bf8 26. Rb1 Ne5 27. Rb3 Nxc4 28. Qf4 Qa6 29. Bf1 Bd6 30. Qc1 Bxh2+ 31. Kh1 Qc6 32. Qh6 Qxd5+ 33. f3 1/2-1/2

[Event "White Rook U14 Final 2019"]
[Site "Sochi"]
[Date "2019.06.10"]
[Round "9.6"]
[White "Grigoryan, Hayk V."]
[Black "Munkhzul, Davaakhuu"]
[Result "0-1"]
[ECO "B45"]
[WhiteElo "1423"]
[BlackElo "1806"]
[Annotator "NA"]
[PlyCount "89"]
[EventDate "2019.06.02"]
[EventCountry "RUS"]
[SourceTitle "playchess.com"]
[Source "ChessBase"]
[SourceQuality "1"]
[TimeControl "5400+30"]

1. e4 c5 2. Nf3 e6 3. d4 cxd4 4. Nxd4 Nc6 5. Nc3 Nf6 6. Nxc6 bxc6 7. e5 Nd5 8. Ne4 Qc7 9. f4 Qb6 10. c4 Bb4+ 11. Ke2 f5 12. exf6 Nxf6 13. Nxf6+ gxf6 14. Be3 Bc5 15. Bxc5 Qxc5 16. Qd3 Ba6 17. Kf3 O-O-O 18. Qe3 Qxe3+ 19. Kxe3 d5 20. Rc1 d4+ 21. Kd2 c5 22. Bd3 Bb7 23. Rhe1 Rde8 24. Re2 Kd7 25. Rce1 Kd6 26. Rf2 h6 27. Bg6 Re7 28. h4 h5 29. f5 e5 30. g3 a5 31. Rc1 Bc6 32. b3 Rg7 33. Rcf1 Rb7 34. Rb1 e4 35. Rf4 Ke5 36. Kc2 e3 37. Kd3 a4 38. Rb2 axb3 39. axb3 Ra7 40. b4 Ra3+ 41. Ke2 cxb4 42. Bf7 b3 43. Kd3 Ra2 44. Rxa2 bxa2 45. Rf1 0-1

[Event "White Rook U14 Final 2019"]
[Site "Sochi"]
[Date "2019.06.10"]
[Round "9.7"]
[White "Aldar Burentegsh"]
[Black "Hovhannisyan, Artyom"]
[Result "1/2-1/2"]
[ECO "C50"]
[WhiteElo "1812"]
[BlackElo "1458"]
[Annotator "NA"]
[PlyCount "119"]
[EventDate "2019.06.02"]
[EventCountry "RUS"]
[SourceTitle "playchess.com"]
[Source "ChessBase"]
[SourceQuality "1"]
[TimeControl "5400+30"]

1. e4 e5 2. Nf3 Nc6 3. Bc4 Bc5 4. Nc3 Nf6 5. O-O O-O 6. d3 h6 7. Be3 Bb6 8. h3 d6 9. Qd2 Be6 10. Bb3 Qd7 11. Rad1 Rad8 12. d4 exd4 13. Nxd4 Nxd4 14. Bxd4 Bxd4 15. Qxd4 Bxb3 16. axb3 c5 17. Qe3 Rfe8 18. Rfe1 Qc6 19. Qd3 a6 20. f4 b5 21. Qf3 Nd7 22. Nd5 Nb6 23. f5 Nxd5 24. exd5 Qd7 25. f6 g6 26. Qf4 Kh7 27. Rxe8 Rxe8 28. Ra1 Re5 29. Rxa6 Rxd5 30. Ra8 g5 31. Qe4+ Qf5 32. Rh8+ Kg6 33. Rg8+ Kxf6 34. Qe2 Qf4 35. Re8 Re5 36. Rxe5 Qxe5 37. Qf3+ Ke6 38. c3 d5 39. Qh5 d4 40. Qxh6+ f6 41. Qf8 dxc3 42. bxc3 Qxc3 43. Qe8+ Kd5 44. Qxb5 Kd4 45. Qd7+ Ke4 46. Qd1 Qd4+ 47. Qxd4+ Kxd4 48. g3 Ke4 49. Kf2 f5 50. Ke2 f4 51. h4 f3+ 52. Kf1 g4 53. Kf2 Kf5 54. Ke3 Ke5 55. Kd3 Kf5 56. Ke3 Kf6 57. Kf2 Kg6 58. Ke3 Kf5 59. Kd3 Kg6 60. Ke3 1/2-1/2

[Event "White Rook U14 Final 2019"]
[Site "Sochi"]
[Date "2019.06.10"]
[Round "9.8"]
[White "Hakobyan, Astghik"]
[Black "Unurzul, Davaakhuu"]
[Result "1/2-1/2"]
[ECO "C47"]
[WhiteElo "1791"]
[BlackElo "1442"]
[Annotator "NA"]
[PlyCount "122"]
[EventDate "2019.06.02"]
[EventCountry "RUS"]
[SourceTitle "playchess.com"]
[Source "ChessBase"]
[SourceQuality "1"]
[TimeControl "5400+30"]

1. e4 e5 2. Nf3 Nc6 3. d4 exd4 4. Nxd4 Nf6 5. Nc3 Bb4 6. Nxc6 bxc6 7. Bd3 O-O 8. O-O d6 9. h3 Re8 10. Qf3 h6 11. Bd2 Bb7 12. Qg3 Kh8 13. Rae1 Qd7 14. Qh4 Nh7 15. e5 Bxc3 16. Bxc3 dxe5 17. f4 c5 18. fxe5 Qe7 19. Qh5 Qg5 20. Qxg5 Nxg5 21. h4 Ne6 22. Rxf7 Rf8 23. Ref1 Bd5 24. Rxf8+ Rxf8 25. Rxf8+ Nxf8 26. Kf2 Kg8 27. g4 Kf7 28. Ke3 g6 29. Be4 Ke6 30. b3 c6 31. Bb2 Bxe4 32. Kxe4 Nd7 33. c4 a6 34. Bc3 Nb6 35. Bd2 Nd7 36. Bxh6 Nxe5 37. Kf4 Nd3+ 38. Kg5 Kf7 39. h5 gxh5 40. Kxh5 Nb4 41. a3 Nc2 42. Bc1 Nd4 43. b4 Nb3 44. Be3 cxb4 45. axb4 Na1 46. Kh6 Nc2 47. Bc5 Kg8 48. Kg6 Ne1 49. Kf6 Nd3 50. Ke6 a5 51. bxa5 Nxc5+ 52. Kf6 Nd7+ 53. Kf5 Nc5 54. Kg6 Na6 55. Kf6 Nc5 56. Ke5 Kf7 57. Kf5 Kg7 58. g5 Kf7 59. g6+ Kg7 60. Kg5 Na6 61. Kf5 Nc5 1/2-1/2